 Dungeon Crawl Stone Soup version 0.26-a0-708-g17f3b190f9 (webtiles) character file.

Game seed: 8341891917518484979

17128 tzalcoatl the Peltast (level 12, -3/94 HPs)
             Began as a Purple Draconian Air Elementalist on Oct 23, 2020.
             Was a Priest of Yredelemnul.
             Slain by a black mamba (15 damage)
             ... on level 1 of the Lair of Beasts on Oct 29, 2020.
             The game lasted 02:08:40 (18206 turns).

tzalcoatl the Peltast (DrAE)                       Turns: 18206, Time: 02:08:40

Health: -3/94      AC: 19    Str: 11    XL:     12   Next: 16%
Magic:  22/22      EV: 14    Int: 20    God:    Yredelemnul [***...]
Gold:   183        SH: 13    Dex: 12    Spells: 18/24 levels left

rFire    . . .     SeeInvis +   a - +8 arc blade {discharge, rElec}
rCold    . . .     Faith    .   E - +0 kite shield
rNeg     + . .     Spirit   .   (armour unavailable)
rPois    .         Reflect  .   v - +2 hat
rElec    +         Harm     .   x - +2 cloak {rCorr}
rCorr    +         Rampage  .   A - +2 pair of gloves
MR       +....                  D - +2 pair of boots {run}
Stlth    ++........             (no amulet)
HPRegen  0.25/turn              B - ring of positive energy
MPRegen  0.18/turn              L - ring of see invisible

@: quick
A: breathe power, unfitting armour, cold-blooded, AC +8
a: Breathe Dispelling Energy, Recall Undead Slaves, Injury Mirror, Animate Dead,
Renounce Religion


You were on level 1 of the Lair of Beasts.
You worshipped Yredelemnul.
Yredelemnul was most pleased with you.
You visited 3 branches of the dungeon, and saw 14 of its levels.

You collected 713 gold pieces.
You spent 530 gold pieces at shops.

Inventory:

Hand Weapons
 a - the +8 arc blade (weapon) {discharge, rElec}
   (You found it on level 8 of the Dungeon)

   It insulates you from electricity.
 b - a +8 dagger of protection
 K - the +6 falchion "Ogrebane" {freeze, +Inv Str+4}
   (You found it on level 8 of the Dungeon)

   It has been specially enchanted to freeze those struck by it, causing extra
   injury to most foes and up to half again as much damage against particularly
   susceptible opponents.
   It can also slow down cold-blooded creatures.
   It affects your strength (+4).
   It lets you turn invisible.
Missiles
 j - 21 boomerangs
 M - 3 throwing nets (quivered)
Armour
 v - a +2 hat (worn)
 x - a +2 cloak of preservation (worn)
 A - a +2 pair of gloves (worn)
 D - a +2 pair of boots of running (worn)
 E - a +0 kite shield (worn)
Jewellery
 B - a ring of positive energy (left hand)
 L - a ring of see invisible (right hand)
Wands
 c - a wand of flame (30)
 n - a wand of iceblast (18)
 r - a wand of enslavement (4)
 y - a wand of paralysis (6)
 F - a wand of random effects (33)
 N - a wand of acid (7)
 O - a wand of polymorph (16)
Scrolls
 f - 2 scrolls of fog {unknown}
 g - a scroll of magic mapping {unknown}
 i - 11 scrolls of remove curse
 m - 4 scrolls of teleportation {unknown}
 q - 2 scrolls of random uselessness {unknown}
 s - 2 scrolls of blinking {unknown}
 u - 6 scrolls of amnesia
 w - 2 scrolls of fear {unknown}
 z - a scroll of immolation {unknown}
 C - a scroll of summoning {unknown}
 H - a scroll of silence {unknown}
 I - a scroll of torment {unknown}
 J - 2 scrolls of enchant armour
 P - a scroll of holy word {unknown}
Potions
 d - 2 potions of haste
 e - 2 potions of resistance
 h - a potion of flight
 k - 2 potions of degeneration {unknown}
 l - a potion of lignification {unknown}
 o - a potion of berserk rage
 p - 4 potions of brilliance
 t - 2 potions of might
 G - a potion of heal wounds
 Q - a potion of experience {unknown}
 T - 2 potions of curing
Miscellaneous
 S - a phial of floods
 U - a box of beasts (3/3)


   Skills:
 + Level 5.2 Fighting
 - Level 3.0 Short Blades
 + Level 4.9 Dodging
 - Level 4.0 Stealth
 - Level 15.0 Shields
 - Level 0.4 Unarmed Combat
 * Level 6.9 Spellcasting
 - Level 2.0 Conjurations
 + Level 5.8 Air Magic
 * Level 4.4 Invocations


You had 18 spell levels left.
You knew the following spells:

 Your Spells              Type           Power        Failure   Level
a - Shock                 Conj/Air       ###.         1%          1
b - Swiftness             Air            ####....     1%          2
c - Static Discharge      Conj/Air       ###.....     5%          3

Your spell library contained the following spells:

 Spells                   Type           Power        Failure   Level
 Airstrike                Air            ####......   9%          4
 Freeze                   Ice            #...         10%         1
 Frozen Ramparts          Ice            #.....       28%         3
 Ozocubu's Armour         Ice            #.......     28%         3
 Lightning Bolt           Conj/Air       ###.......   45%         5
 Hailstorm                Conj/Ice       ##......     54%         4
 Summon Ice Beast         Ice/Summ       #.......     67%         4


Dungeon Overview and Level Annotations

Branches:
Dungeon (12/15)            Temple (1/1) D:5            Lair (1/6) D:11
    Orc (0/2) D:9

Altars:
Ashenzari
Cheibriados
Dithmenos
Elyvilon
Fedhas
Gozag
Hepliaklqana
Kikubaaqudgha
Makhleb
Nemelex Xobeh
Okawaru
Qazlal
Ru
Sif Muna
Trog
Uskayaw
Vehumet
Wu Jian
Xom
Yredelemnul
Zin
The Shining One

Shops:
D:5 [   D:11 [   D:12 *

Annotations:
D:1 1 exclusion


Innate Abilities, Weirdness & Mutations

You can breathe bolts of dispelling energy.
Your rich purple scales are hard. (AC +8)
You cannot fit into any form of body armour.
You are cold-blooded and may be slowed by cold attacks.


Message History

You hit the black mamba.
The black mamba is heavily wounded.
The black mamba bites you but does no damage.
The komodo dragon bites you! The black mamba closely misses you.
You hit the black mamba.
Your tail-slap misses the black mamba.
The black mamba is severely wounded.
You block the black mamba's attack.
The komodo dragon bites you but does no damage.
The black mamba bites you but does no damage.
You puncture the black mamba! You tail-slap the black mamba.
The black mamba is almost dead.
The black mamba barely misses you. The komodo dragon bites you!!
The black mamba barely misses you.
You barely miss the black mamba.
The black mamba is almost dead.
You block the black mamba's attack. The komodo dragon bites you!!
* * * LOW HITPOINT WARNING * * *
The black mamba bites you!
You die...
Your body rises from the dead as a mindless zombie.

.#.#....≈..≈≈ .
#..>......≈≈.
..+.......P..≈≈
..........P..
..#.......P.#
..........#.#
#.........#
#...l@....#
#...S...#....
#..?....# .
#.#####... .?
.... .. ......
. ..... ##...


You could see a komodo dragon and a black mamba.

Vanquished Creatures
  Harold (D:9)
  A boulder beetle (D:11)
  A death knight (D:11)
  4 two-headed ogres
  An unseen horror (D:10)
  Pikel (D:7)
  An ugly thing (D:11)
  A cyclops (D:11)
  Maurice (D:9)
  Maggie (D:6)
  2 freezing wraiths (D:11)
  A hornet (D:10)
  3 trolls
  A wyvern (D:9)
  A wraith (D:11)
  Eustachio (D:6)
  Grum (D:10)
  7 yaks
  Edmund (D:5)
  An acid dragon (D:11)
  2 water moccasins (D:10)
  A soldier ant (D:10)
  Duvessa (D:6)
  An ice beast (D:11)
  4 orc warriors
  A black bear (D:8)
  A necrophage (D:10)
  4 eyes of draining
  3 wolves (D:10)
  5 ogres
  9 centaurs
  A big kobold (D:8)
  7 bullfrogs
  Dowan (D:6)
  4 scorpions
  12 killer bees
  4 wights
  3 howler monkeys
  2 centaur zombies
  3 bullfrog zombies
  6 hounds
  A quasit (D:8)
  A gnoll shaman (D:8)
  3 jellies
  A bullfrog skeleton (D:5)
  14 orc priests
  2 iguanas
  17 orc wizards
  Jessica (D:3)
  9 worker ants
  2 hound zombies
  2 human simulacra (D:9)
  2 howler monkey skeletons
  7 adders
  10 gnolls
  2 shadow imps
  4 white imps
  An ooze (D:4)
  3 adder zombies
  A worm (D:3)
  3 dart slugs (D:1)
  3 leopard geckos (D:5)
  46 orcs
  2 ball pythons
  9 bats
  8 giant cockroaches
  11 goblins
  6 hobgoblins
  10 jackals
  5 kobolds
  4 quokkas
  A ball python skeleton (D:4)
  6 frilled lizards
  2 jackal skeletons
  A jackal zombie (D:5)
  2 leopard gecko skeletons
  A quokka skeleton (D:7)
  4 rats
314 creatures vanquished.

Vanquished Creatures (collateral kills)
  A two-headed ogre (D:11)
  A scorpion (D:8)
  A leopard gecko (D:8)
3 creatures vanquished.

Vanquished Creatures (others)
  5 flying skulls (D:11)
  A ball python (D:6)
  2 orc zombies (D:8)
  3 plants (D:3)
11 creatures vanquished.

Grand Total: 328 creatures vanquished

Notes
Turn   | Place    | Note
-------+----------+-------------------------------------------
     0 | D:1      | tzalcoatl the Draconian Air Elementalist began the quest
                  | for the Orb.
     0 | D:1      | Reached XP level 1. HP: 14/14 MP: 3/3
   372 | D:1      | Reached XP level 2. HP: 10/20 MP: 5/5
  1488 | D:2      | Reached XP level 3. HP: 27/27 MP: 6/6
  1838 | D:2      | Found a glowing golden altar of the Shining One.
  1963 | D:2      | Found a shimmering altar of Xom.
  1963 | D:2      | Found a shimmering altar of Xom.
  1963 | D:2      | Found a shimmering altar of Xom.
  1964 | D:2      | Found a shimmering altar of Xom.
  1964 | D:2      | Found a shimmering altar of Xom.
  1965 | D:2      | Found a shimmering altar of Xom.
  1965 | D:2      | Found a shimmering altar of Xom.
  2351 | D:3      | Noticed Jessica
  2358 | D:3      | Killed Jessica
  2358 | D:3      | Reached skill level 1 in Fighting
  2358 | D:3      | Reached XP level 4. HP: 30/35 MP: 0/7
  2561 | D:3      | Reached XP level 5. HP: 37/40 MP: 2/9
  2858 | D:3      | Learned a level 2 spell: Swiftness
  2862 | D:3      | Learned a level 3 spell: Static Discharge
  3337 | D:4      | HP: 2/41 [worker ant (4)]
  3349 | D:4      | HP: 2/41 [poisoned by a worker ant]
  3553 | D:4      | Reached XP level 6. HP: 40/48 MP: 10/10
  4798 | D:4      | Found a glowing silver altar of Zin.
  4996 | D:4      | Your scales start taking on a rich purple colour.
  4996 | D:4      | Reached XP level 7. HP: 9/57 MP: 1/13
  5616 | D:4      | Found a sparkling altar of Nemelex Xobeh.
  5893 | D:5      | Entered Level 5 of the Dungeon
  6014 | D:5      | Reached skill level 1 in Short Blades
  6498 | D:5      | Found a transporter.
  6499 | D:5      | Noticed a yak
  6501 | D:5      | Noticed a brown ugly thing
  6502 | D:5      | Found a transporter.
  6518 | D:5      | Found a bloodstained altar of Trog.
  6550 | D:5      | Found an ornate altar of the Wu Jian Council.
  6743 | D:5      | Reached skill level 5 in Air Magic
  6949 | D:5      | Found a staircase to the Ecumenical Temple.
  6978 | D:5      | Found Yshran's Armour Shop.
  6985 | D:5      | Bought a +0 cloak of preservation for 115 gold pieces
  7265 | Temple   | Entered the Ecumenical Temple
  7382 | Temple   | Became a worshipper of Yredelemnul the Dark
  7519 | D:6      | Reached skill level 5 in Spellcasting
  7519 | D:6      | Reached XP level 8. HP: 63/66 MP: 11/15
  7613 | D:6      | Reached skill level 1 in Shields
  7641 | D:6      | Reached skill level 2 in Shields
  7646 | D:6      | Noticed Eustachio
  7692 | D:6      | Killed Eustachio
  7692 | D:6      | Reached skill level 3 in Shields
  7910 | D:6      | Noticed Maggie
  7932 | D:6      | Killed Maggie
  7932 | D:6      | Reached * piety under Yredelemnul
  7932 | D:6      | Reached skill level 5 in Shields
  8156 | D:6      | Reached skill level 6 in Shields
  8172 | D:6      | Noticed Edmund
  8264 | D:5      | Killed Edmund
  8381 | D:6      | Reached XP level 9. HP: 43/71 MP: 16/16
  8941 | D:6      | Noticed Duvessa
  8943 | D:6      | Noticed Dowan
  9103 | D:6      | Killed Duvessa
  9103 | D:6      | Reached skill level 7 in Shields
  9129 | D:6      | Killed Dowan
  9239 | D:6      | Found a hazy altar of Hepliaklqana.
  9288 | D:6      | Found a snail-covered altar of Cheibriados.
  9365 | D:7      | Noticed Pikel
  9385 | D:7      | Killed Pikel
  9385 | D:7      | Reached skill level 9 in Shields
  9630 | D:7      | Found a white marble altar of Elyvilon.
  9698 | D:7      | Found a stormy altar of Qazlal.
  9797 | D:7      | Found a shadowy altar of Dithmenos.
 10051 | D:5      | HP: 2/71 [acid (3)]
 11112 | D:8      | Found a broken altar of Ashenzari.
 11138 | D:8      | Got an ichor-stained falchion
 11139 | D:8      | Identified the +6 falchion "Ogrebane" {freeze, +Inv Str+4}
                  | (You found it on level 8 of the Dungeon)
 11209 | D:8      | Reached skill level 10 in Shields
 11524 | D:8      | Noticed a two-headed ogre
 11547 | D:8      | Killed a two-headed ogre
 11547 | D:8      | Reached XP level 10. HP: 53/78 MP: 12/17
 11734 | D:8      | Found a burning altar of Makhleb.
 11785 | D:8      | You fall into a shaft and drop 1 floor!
 12028 | D:8      | Reached skill level 11 in Shields
 12236 | D:8      | Reached ** piety under Yredelemnul
 12678 | D:8      | Found the +8 arc blade {discharge, rElec}
 12945 | D:5      | Bought a +2 pair of boots of running for 415 gold pieces
 13066 | D:9      | Noticed a two-headed ogre
 13075 | D:9      | Killed a two-headed ogre
 13075 | D:9      | Reached skill level 12 in Shields
 13109 | D:9      | Found a staircase to the Orcish Mines.
 13430 | D:9      | Found an iron altar of Okawaru.
 13644 | D:9      | Noticed Harold
 13692 | D:9      | Killed Harold
 13692 | D:9      | Reached skill level 13 in Shields
 14228 | D:9      | Noticed Maurice
 14254 | D:9      | Killed Maurice
 14254 | D:9      | Reached XP level 11. HP: 84/84 MP: 5/18
 14484 | D:9      | Upgraded the game from 0.26-a0-690-gcb57259078 to
                  | 0.26-a0-708-g17f3b190f9
 14506 | D:10     | Entered Level 10 of the Dungeon
 14643 | D:10     | Paralysed by a hornet for 3 turns
 14790 | D:10     | Reached *** piety under Yredelemnul
 14828 | D:10     | Reached skill level 14 in Shields
 14962 | D:10     | Noticed Grum
 14982 | D:10     | Killed Grum
 15170 | D:10     | Got a dull robe
 15282 | D:10     | Noticed an unseen horror
 15310 | D:10     | Killed an unseen horror
 15619 | D:10     | You fall into a shaft and drop 2 floors!
 15645 | D:12     | Reached skill level 15 in Shields
 15860 | D:12     | Found Eduago's Assorted Antiques.
 15898 | D:11     | Noticed a two-headed ogre
 15904 | D:11     | Received a gift from Yredelemnul (5 flying skulls)
 15907 | D:11     | Killed a two-headed ogre
 15907 | D:11     | Reached skill level 1 in Invocations
 16080 | D:11     | Noticed a death knight
 16113 | D:11     | Killed a death knight
 16517 | D:11     | Found a glowing silver altar of Zin.
 16518 | D:11     | Noticed a green ugly thing
 16523 | D:11     | Killed a green ugly thing
 16593 | D:11     | Found Cestrug's Armour Boutique.
 16685 | D:11     | Found a staircase to the Lair.
 16727 | D:11     | Noticed a two-headed ogre
 16736 | D:11     | Killed a two-headed ogre
 17187 | D:11     | Noticed a boulder beetle
 17205 | D:11     | Killed a boulder beetle
 17205 | D:11     | Reached XP level 12. HP: 59/93 MP: 19/21
 17466 | D:10     | Reached skill level 5 in Fighting
 17640 | D:11     | Noticed a two-headed ogre
 17645 | D:11     | Killed a two-headed ogre
 18175 | Lair:1   | Entered Level 1 of the Lair of Beasts
 18206 | Lair:1   | Slain by a black mamba

Illustrated notes

Levels and vault maps discovered:
D:1:      dpeg_arrival_round_b, layout_loops_ring, supply_closet_lemuel,
          hangedman_decor_slide_cut, glass_columns_a, hangedman_glass_teeth
D:2:      layout_rooms, xom_redecorated, nicolae_tso_swordbearing_angel
D:3:      layout_basic, serial_bayou_pond_b, chequers_mini_garden, uniq_jessica
D:4:      layout_rooms, kennysheep_little_box, nemelex_dance_club_becter
D:5:      layout_cave_pools, gammafunk_temple_overflow_arena,
          overflow_temple_1_default, minmay_temple_entry_nine_rooms,
          serial_shops, nicolae_shop_window_shopping
D:6:      layout_loops_ring, lemuel_crystal_altar, kennysheep_mini, uniq_edmund,
          uniq_duvessa, uniq_eustachio, uniq_maggie
D:7:      layout_basic, kennysheep_mini_moat, nicolae_qazlal_eye_of_the_storm,
          nicolae_dithmenos_shadow_blocks, uniq_pikel
D:8:      kennysheep_six_static_rooms, layout_basic, ashenzari_altar_1,
          lemuel_crystal_altar
D:9:      layout_gridville, okawaru_ov_weapons_minmay, orc_0_dummy,
          minmay_misc_feat_columns, hex_medium, bh_circular_ruins, uniq_maurice,
          uniq_harold
D:10:     layout_loops_ring, kennysheep_dice, uniq_grum
D:11:     layout_grid_maze, lair_entry_dummy, basic_altar, serial_shops,
          nicolae_shop_crystal, kennysheep_decorative_pillar
D:12:     minmay_thick_lines, layout_stronghold, serial_shops, shop,
          minmay_fractal_squares_5
Temple:   kb_temple_of_zot
Lair:1:   layout_regular_city, serial_rivers, chequers_serial_rivers_micro_c,
          chequers_serial_rivers_small_3, chequers_serial_rivers_large_b,
          chequers_serial_rivers_small_b, chequers_serial_rivers_room_b,
          chequers_serial_rivers_micro_c

Skill      XL: |  1  2  3  4  5  6  7  8  9 10 11 12 |
---------------+-------------------------------------+-----
Stealth        | 2 3 4 |  4.0
Dodging        | 2 3 4 |  4.9
Fighting       | 1 2 3 4 5 |  5.2
Conjurations   | 2 |  2.0
Spellcasting   | 3 4 5 6 |  6.9
Air Magic      | 4 5 |  5.8
Short Blades   | 2 3 |  3.0
Shields        | 6 10 13 15 | 15.0
Invocations    | 3 4 |  4.4
Unarmed Combat | |  0.4

Action                   |  1- 3 |  4- 6 |  7- 9 | 10-12 || total
-------------------------+-------+-------+-------+-------++-------
Melee: Hand axe          |    64 |       |       |       ||    64
       Unarmed           |    14 |       |       |       ||    14
       Tailslap          |    14 |    12 |    35 |    36 ||    97
       Short sword       |    53 |   142 |   318 |       ||   513
       Punch             |       |     1 |       |       ||     1
       Dagger            |       |       |    66 |   118 ||   184
       Rapier            |       |       |       |   278 ||   278
Throw: Throwing net      |       |       |       |     2 ||     2
       Boomerang         |       |       |       |     1 ||     1
 Cast: Shock             |    20 |    82 |   231 |   146 ||   479
       Static Discharge  |       |     4 |     1 |     5 ||    10
       Swiftness         |       |     1 |     6 |       ||     7
Invok: Animate Remains   |       |       |     2 |       ||     2
  Use: Potion            |       |     4 |     1 |     2 ||     7
       Scroll            |       |       |    15 |     2 ||    17
 Stab: Sleeping          |     5 |     2 |     4 |     9 ||    20
Armor: Skin              |    46 |    57 |   150 |   124 ||   377
Dodge: Dodged            |    96 |   111 |   255 |   229 ||   691
Block: Kite shield       |       |       |   103 |   271 ||   374

Table legend: (Time is in decaauts)
 A = Elapsed time spent in this place.
 B = Non-inter-level travel time spent in this place.
 C = Inter-level travel time spent in this place.
 D = Time resting spent in this place.
 E = Time spent auto-exploring this place.
 F = Levels seen in this place.
 G = Mean time per level.
                   A        B        C        D        E       F      G
               +--------+--------+--------+--------+--------+-----+--------+
         Total |  17879 |  16763 |   1116 |      0 |  13075 |  14 | 1277.1 |
       Dungeon |  17723 |  16657 |   1066 |      0 |  12998 |  12 | 1476.9 |
        Temple |    146 |     96 |     50 |      0 |     77 |   1 |  146.0 |
          Lair |      8 |      8 |      0 |      0 |      0 |   1 |    8.0 |
               +--------+--------+--------+--------+--------+-----+--------+

Top non-repeatable levels by time:
     D:3: 2533 daAuts
     D:5: 2481 daAuts
    D:11: 1929 daAuts
     D:8: 1817 daAuts
     D:6: 1579 daAuts
     D:1: 1551 daAuts
     D:9: 1449 daAuts
    D:10: 1355 daAuts
     D:4: 1158 daAuts
     D:2: 880 daAuts
     D:7: 717 daAuts
    D:12: 271 daAuts
  Temple: 146 daAuts
  Lair:1: 8 daAuts
